Map: Acropolis LE

Players

Trizztein

  • Race: Terran Terran
  • Spawn Location: 5:00

A.I. 1 (Easy) - Winner!

  • Race: Protoss Protoss
  • Spawn Location: 11:00

VOD

Have the link to the VOD?

Description

3-1-1 build

Time

  • Played on: May 23, 2019, 9:23 a.m.
  • Length: 7:10
Show
View Real Time Build Order
Export as new Build Order

Trizztein Terran 

Build Orders: Reaper Expand 

Get SALT Encoding   

  12  0:01  SCV  
  13  0:13  SCV  
  14  0:17  Supply Depot  
  14  0:25  SCV  
  15  0:38  SCV  
  15  0:41  Barracks  
  16  0:46  Refinery  
  16  0:51  SCV  
  17  1:03  SCV  
  18  1:15  SCV  
  19  1:28  Orbital Command  
  19  1:29  Reaper  
  20  1:42  Command Center  
  20  1:54  SCV  
  21  1:57  Barracks  
  21  2:01  Barracks Reactor  
  21  2:06  SCV  
  22  2:09  Supply Depot  
  22  2:18  SCV  
  22  2:22  Barracks  
  23  2:31  SCV  
  24  2:38  Marine x2  
  24  2:43  SCV  
  27  2:45  Barracks Tech Lab  
  27  2:55  SCV, Orbital Command  
  28  2:59  Marine x2  
  28  3:04  Bunker  
  30  3:07  Marine, SCV, Stimpack  
  30  3:09  Marine  
  33  3:18  Marine x2  
  33  3:19  SCV  
  36  3:21  SCV  
  37  3:27  Supply Depot  
  37  3:28  Barracks Tech Lab  
  37  3:30  Marine  
  37  3:31  SCV  
  39  3:36  Marine x2  
  39  3:37  SCV  
  42  3:43  SCV  
  42  3:47  Marauder, Concussive Shells  
  42  3:48  Marine  
  46  3:50  SCV  
  46  3:53  Factory  
  46  3:55  Refinery  
  47  3:56  SCV  
  47  3:57  Marine  
  47  3:58  Marine  
  47  4:02  SCV  
  51  4:04  Supply Depot  
  51  4:08  SCV  
  51  4:09  Marine x2  
  54  4:13  Engineering Bay  
  54  4:25  SCV x2  
  54  4:26  Supply Depot  
  54  4:27  Marine x3  
  54  4:30  Refinery  
  54  4:31  Marine  
  60  4:37  SCV x2  
  62  4:39  Factory Reactor  
  62  4:41  Starport  
  62  4:47  Marine x3  
  62  4:48  Marine  
  62  4:49  SCV x2  
  62  4:50  Supply Depot  
  67  4:56  Supply Depot  
  67  5:02  SCV  
  67  5:04  Terran Infantry Weapons Level 1  
  67  5:05  Marine, SCV  
  70  5:08  Combat Shield  
  70  5:11  Marine x2  
  70  5:12  Marine  
  70  5:14  SCV  
  74  5:20  SCV  
  75  5:23  Marine  
  75  5:26  SCV  
  76  5:28  Supply Depot  
  77  5:36  Medivac  
  77  5:37  Factory Reactor, Medivac  
  77  5:38  Marine, Command Center  
  77  5:40  SCV  
  82  5:46  Refinery  
  82  5:50  Marine, Marauder x2  
  82  5:53  Supply Depot  
  82  5:55  Marine  
  82  5:56  SCV, Supply Depot  
  89  6:08  Marine  
  89  6:09  Barracks  
  89  6:10  Barracks, Medivac x2  
  94  6:15  Marine, Marauder  
  94  6:17  Supply Depot  
  97  6:25  Marine x2  
  98  6:27  Widow Mine  
  98  6:29  Widow Mine  
  103  6:32  Marine  
  103  6:38  Marauder  
  106  6:40  Supply Depot  
  106  6:44  Marine x2  
  111  6:50  Marine  
  111  6:54  SCV x2  
  117  6:58  Barracks Reactor, Barracks Tech Lab  
  117  7:00  Ghost Academy  
Show
View Real Time Build Order
Export as new Build Order

A.I. 1 (Easy) Protoss - Winner!

Build Orders:  

Get SALT Encoding   

  12  0:00  Probe  
  13  0:13  Probe  
  14  0:19  Pylon  
  14  0:25  Probe  
  15  0:34  Probe  
  16  0:43  Assimilator  
  16  0:51  Gateway  
  16  0:53  Pylon  
  16  1:19  Assimilator  
  16  1:29  Zealot  
  18  1:42  Cybernetics Core  
  18  1:43  Probe  
  19  1:55  Pylon  
  19  1:57  Probe  
  20  2:05  Probe  
  20  2:13  Probe  
  21  2:18  Warp Gate  
  21  2:20  Adept  
  24  2:25  Probe  
  26  2:37  Probe  
  26  2:47  Stalker  
  28  3:10  Adept  
  30  4:57  Probe  
  30  5:12  Probe  
  30  5:18  Adept  
  28  5:22  Pylon  
  22  5:40  Probe  
  22  5:45  Gateway  
  17  5:52  Probe  
  17  5:53  Pylon  
  15  6:04  Probe  
  12  6:13  Pylon, Probe  
  13  6:27  Probe  
  14  6:34  Cybernetics Core  
  14  6:36  Pylon  
  14  6:38  Zealot  
  14  6:39  Probe  
  17  6:51  Probe  
  18  7:02  Zealot  
  21  7:10  Robotics Facility  
Tags
 
Add a new tag
Caveats
  • Supply blocks, unpowered buildings, or Contaminate may cause inaccurate times.
  • Supply counts are checked every 10 seconds.